 Dungeon Crawl Stone Soup version 0.32-a0-938-g40ac7a0f4d (webtiles) character file.

Game seed: 3459452918727826101

52 porpoise the Poker (level 3, -4/28 HPs)
             Began as a Demonspawn Gladiator on Apr 16, 2024.
             Slain by a gnoll
             ... wielding a +0 whip
              (6 damage)
             ... on level 2 of the Dungeon.
             The game lasted 00:02:29 (1169 turns).

porpoise the Poker (Demonspawn Gladiator)           Turns: 1169, Time: 00:02:30

Health: -4/28      AC:  6    Str: 16    XL:     3   Next: 60%
Magic:  3/3        EV: 10    Int:  8    God:
Gold:   43         SH:  0    Dex: 14    Spells: 2/2 levels left

rFire   . . .        a - +0 trident
rCold   . . .        (no shield)
rNeg    . . .        l - +0 ring mail
rPois   .            c - +0 helmet
rElec   .            (no cloak)
rCorr   .            (no gloves)
SInv    .            (no boots)
Will    .....        (no amulet)
Stlth   +            (no ring)
HPRegen 0.24/turn    (no ring)
MPRegen 0.08/turn

%: no passive effects
@: no status effects
A: demonic magic 1, weakness stinger 1
a: no special abilities


You were on level 2 of the Dungeon.
You visited 1 branch of the dungeon, and saw 2 of its levels.

You collected 43 gold pieces.

Inventory:

Hand Weapons
 a - a +0 trident (weapon)
 b - a +0 sling
Missiles
 d - 3 throwing nets (quivered)
 e - a javelin
 o - 6 poisoned darts
Armour
 c - a +0 helmet (worn)
 l - a +0 ring mail (worn)
Scrolls
 f - a scroll of immolation {unknown}
 i - 2 scrolls of fog {unknown}
 k - a scroll of brand weapon {unknown}
 n - a scroll of teleportation {unknown}
Potions
 g - a potion of brilliance {unknown}
 h - 2 potions of curing {unknown}
 j - a potion of mutation {unknown}
 m - a potion of haste {unknown}


   Skills:
 + Level 2.8 Fighting
 * Level 3.8 Polearms
 - Level 1.7 Throwing
 - Level 2.6 Dodging


You had 2 spell levels left.
You didn't know any spells.
Your spell library was empty.

Dungeon Overview and Level Annotations

Branches:
Dungeon (2/15)

Altars:

Shops:
D:1 (


Innate Abilities, Weirdness & Mutations

Spells you cast may paralyse adjacent enemies.
You have a small tail.


Message History

* * * LOW HITPOINT WARNING * * *
Reach: a) +0 trident
Press: ? - help, Dir - move target, f/p - gnoll
Aim: a gnoll, wielding a +0 spear and wearing a +0 chain mail (severely wounded, about 30% to evade your +0 trident)
You reach to attack!
You hit the gnoll but do no damage.
The gnoll is severely wounded.
The gnoll misses you.
Reach: a) +0 trident
Press: ? - help, Dir - move target, f/p - gnoll
Aim: a gnoll, wielding a +0 spear and wearing a +0 chain mail (severely wounded, about 30% to evade your +0 trident)
You reach to attack!
You hit the gnoll but do no damage.
The gnoll is severely wounded.
The gnoll hits you but does no damage.
Reach: a) +0 trident
Press: ? - help, Dir - move target, f/p - gnoll
Aim: a gnoll, wielding a +0 spear and wearing a +0 chain mail (severely wounded, about 30% to evade your +0 trident)
You reach to attack!
You hit the gnoll.
The gnoll is almost dead.
The gnoll barely misses you.
Reach: a) +0 trident
Press: ? - help, Dir - move target, f/p - gnoll
Aim: a gnoll, wielding a +0 spear and wearing a +0 chain mail (almost dead, about 30% to evade your +0 trident)
You reach to attack!
You hit the gnoll.
You kill the gnoll!
Unknown command.
You start resting.
A gnoll is nearby!
A gnoll is nearby!
The gnoll shouts!
Reach: a) +0 trident
Press: ? - help, Dir - move target, f - gnoll
Aim: a gnoll, wielding a +0 whip (about 37% to evade your +0 trident)
You reach to attack!
You hit the gnoll.
The gnoll is lightly wounded.
The gnoll hits you with a +0 whip!
* * * LOW HITPOINT WARNING * * *
You hit the gnoll.
The gnoll is heavily wounded.
The gnoll hits you with a +0 whip.
You die...

#.##....)...
....gg
#.##....#.#.#.
####.g
#.####........
#..
#.#.....#.#...
##. #.#.#####
# #.#.#######
####.........#
#..........#g#
#..........#@#
#..........#.#
#..........#.#
#..........#.#
######'#####.#
#.# #.# #.#
..# #.# ...
#.#


You could see a gnoll.

Vanquished Creatures
  2 gnolls (D:2)
  2 bats (D:1)
  3 giant cockroaches (D:1)
  5 goblins (D:1)
  4 hobgoblins (D:1)
  4 jackals (D:1)
  A ball python (D:1)
  3 frilled lizards (D:1)
  3 kobolds (D:1)
  3 rats (D:1)
30 creatures vanquished.

Notes
Turn   | Place    | Note
-------+----------+-------------------------------------------
     0 | D:1      | porpoise the Demonspawn Gladiator began the quest for the
                  | Orb.
     0 | D:1      | Reached XP level 1. HP: 16/16 MP: 1/1
   145 | D:1      | Reached skill level 3 in Polearms
   177 | D:1      | Discovered your monstrous ancestry.
   177 | D:1      | Gained mutation: You have a small tail. [demonic ancestry]
   177 | D:1      | Reached XP level 2. HP: 22/22 MP: 2/2
   599 | D:1      | Gained mutation: Spells you cast may paralyse adjacent
                  | enemies. [demonic ancestry]
   599 | D:1      | Reached XP level 3. HP: 28/28 MP: 3/3
   622 | D:1      | Found Ukisishry's Antique Weapon Boutique.
  1169 | D:2      | Slain by a gnoll

Illustrated notes

Levels and vault maps discovered:
D:1:      ebering_hopf_link, layout_loops_cross, serial_shops, shop,
          bh_walls_and_bars
D:2:      layout_basic, hellmonk_ecumenical_altar_prayer_group

Skill      XL: |  1 |
---------------+----+-----
Polearms       | 3 |  3.8
Fighting       | |  2.8
Throwing       | |  1.7
Dodging        | |  2.6

Action                     || total
---------------------------++-------
  Melee: Trident           ||   108
         Tailslap          ||     6
 Armour: Leather armour    ||    20
         Ring mail         ||    41
  Dodge: Dodged            ||    59

Table legend: (Time is in decaauts)
 A = Elapsed time spent in this place.
 B = Non-inter-level travel time spent in this place.
 C = Inter-level travel time spent in this place.
 D = Time resting spent in this place.
 E = Time spent auto-exploring this place.
 F = Levels seen in this place.
 G = Mean time per level.
                   A        B        C        D        E       F      G
               +--------+--------+--------+--------+--------+-----+--------+
         Total |   1183 |   1145 |     38 |    217 |    694 |   2 |  591.5 |
       Dungeon |   1183 |   1145 |     38 |    217 |    694 |   2 |  591.5 |
               +--------+--------+--------+--------+--------+-----+--------+

Top non-repeatable levels by time:
     D:1: 932 daAuts
     D:2: 250 daAuts
